 Dungeon Crawl Stone Soup version 0.22-a0-580-gd5db89c (webtiles) character file.

13702 Darkshadow the Bludgeoner (level 11, 0/104 HPs)
             Began as a Minotaur Berserker on July 1, 2018.
             Was a High Priest of Trog.
             Slain by a Hell Sentinel (5 damage)
             ... on level 2 of the Abyss.
             The game lasted 00:41:54 (13584 turns).

Darkshadow the Bludgeoner (Minotaur Berserker)     Turns: 13584, Time: 00:41:55

Health: 0/104      AC: 16    Str: 22    XL:     11   Next: 79%
Magic:  10/10      EV: 12    Int:  5    God:    Trog [*****.]
Gold:   652        SH:  0    Dex: 12    Spells: 10/10 levels left

rFire    + . .     SeeInvis .   a - +0 dire flail
rCold    . . .     Gourm    .   (shield currently unavailable)
rNeg     . . .     Faith    .   R - +0 plate armour
rPois    .         Spirit   .   (helmet restricted)
rElec    .         Reflect  .   J - scarf {repulsion}
rCorr    .         Harm     .   (no gloves)
MR       .....                  q - +0 pair of boots
Stlth    ..........             (no amulet)
HPRegen  0.00/turn              N - +4 ring of evasion
MPRegen  0.12/turn              B - ring of protection from fire

@: about to teleport, slowed, repel missiles, very slow
A: retaliatory headbutt, horns 2, [inhibited regeneration]
a: Berserk, Trog's Hand, Brothers in Arms, Renounce Religion


You were on level 2 of the Abyss.
You worshipped Trog.
Trog was extremely pleased with you.
You were not hungry.

You visited 1 branch of the dungeon, and saw 12 of its levels.
You visited the Abyss 1 time.
You also visited: Sewer and Ossuary.

You collected 652 gold pieces.

Inventory:

Hand Weapons
 a - a +0 dire flail (weapon)
 b - a +1 whip of electrocution
 s - a +1 flail of crushing
Missiles
 e - 514 stones
 x - 3 poisoned tomahawks (quivered)
Armour
 q - a +0 pair of boots (worn)
 v - +0 acid dragon scales
 J - a scarf of repulsion (worn)
 P - a +0 shield
 R - a +0 plate armour (worn)
Jewellery
 r - an uncursed ring of ice
 B - a ring of protection from fire (right hand)
 N - a +4 ring of evasion (left hand)
Wands
 h - a wand of flame (17)
 j - a wand of clouds (6)
 C - a wand of disintegration (27)
 D - a wand of iceblast (16)
 M - a wand of acid (15)
 Q - a wand of digging (16)
Scrolls
 d - 8 scrolls of identify {@r1}
 f - 2 scrolls of enchant armour {unknown}
 g - a scroll of teleportation
 i - a scroll of vulnerability {unknown}
 l - 2 scrolls of magic mapping
 n - a scroll of fear {unknown}
 o - a scroll of holy word {unknown}
 u - 4 scrolls of remove curse {@r2}
 y - a scroll of fog {unknown}
 I - a scroll of enchant weapon {unknown}
Potions
 k - a potion of might
 m - 2 potions of cancellation
 p - 5 potions of flight
 t - 2 potions of brilliance
 z - 2 potions of haste
 A - 2 potions of berserk rage
 E - a potion of resistance {unknown}
 G - 8 potions of curing {@q1}
 H - 2 potions of lignification
 K - 3 potions of agility
 L - 3 potions of mutation
 O - a potion of invisibility
Comestibles
 c - 16 rations


   Skills:
 + Level 11.8 Fighting
 * Level 15.5 Maces & Flails
 + Level 11.5 Armour
 - Level 2.9 Dodging


You had 10 spell levels left.
You didn't know any spells.
Your spell library was empty.

Dungeon Overview and Level Annotations

Branches:
Dungeon (12/15)            Temple (0/1) D:6            Lair (0/6) D:8
    Orc (0/2) D:10

Altars:
Cheibriados
Dithmenos
Elyvilon
Fedhas
Gozag
Hepliaklqana
Kikubaaqudgha
Makhleb
Nemelex Xobeh
Okawaru
Trog
Vehumet
Wu Jian
Yredelemnul
Zin
The Shining One

Shops:
D:6 [

Annotations:
D:6 4 runed doors, Violenta's ghost, novice DEAE
D:9 4 runed doors
D:12 Sonja


Innate Abilities, Weirdness & Mutations

You reflexively headbutt those who attack you in melee.
You have a pair of horns on your head.
[You do not regenerate when monsters are visible.]


Message History

You hold your ground!
The thrashing horror tramples you but does no damage.
The thrashing horror roars!
There is a gateway leading out of the Abyss here.
The thrashing horror roars!
The thrashing horror tramples you.
* * * LOW HITPOINT WARNING * * *
You stumble backwards!
You stop ascending the stairs.
The thrashing horror tramples you but does no damage. x2
The Hell Sentinel hits you but does no damage. x2
The thrashing horror roars! x2
The thrashing horror tramples you but does no damage. x2
The thrashing horror tramples you.
* * * LOW HITPOINT WARNING * * *
You stumble backwards!
The thrashing horror tramples you.
* * * LOW HITPOINT WARNING * * *
You hold your ground!
The thrashing horror completely misses you.
The Hell Sentinel hits you.
You die...

.. ... ###..#
.#. #..}...####.
. ## ##4...#.#
.# # .#.......#
# . #......###
... ###...##...#
....##..#..##.#
#.....1#.###.#
##....@X....#..
#.#..##ยง.#.#.#.
#. ### .. . # ##


You could see a Hell Sentinel and a thrashing horror.

Vanquished Creatures
  A hydra (D:11)
  2 two-headed ogres
  A wretched star (Abyss:2)
  2 unseen horrors (D:10)
  Pikel (D:10)
  2 smoke demons (Abyss:2)
  2 trolls
  Grinder (D:6)
  2 hippogriffs
  2 dream sheep (D:11)
  A hornet (D:7)
  7 yaks
  A wyvern (D:11)
  2 fire bats (Abyss:2)
  Grum (D:8)
  Edmund (D:6)
  A chaos spawn (Abyss:2)
  2 wargs (D:10)
  An acid dragon (D:11)
  Duvessa (D:7)
  A water moccasin (D:9)
  4 orc warriors
  4 slaves
  A necrophage (D:7)
  3 sky beasts
  4 black bears
  2 ice beasts
  2 ogres
  2 wolves (D:8)
  A centaur (D:5)
  A crocodile (Sewer)
  5 big kobolds
  8 bullfrogs
  A water moccasin zombie (D:10)
  A water moccasin skeleton (D:9)
  2 scorpions
  Dowan (D:7)
  5 killer bees (D:7)
  5 wights (D:11)
  A howler monkey (D:4)
  5 crimson imps
  2 centaur zombies (Ossuary)
  A bullfrog zombie (D:10)
  A quasit (D:11)
  A small abomination (Abyss:2)
  5 hounds
  A human zombie (Ossuary)
  An iron imp (D:7)
  4 jellies
  3 bullfrog skeletons
  8 orc priests
  A centaur skeleton (D:10)
  4 iguanas
  6 orc wizards
  6 worker ants
  A killer bee zombie (D:8)
  4 mummies
  2 howler monkey skeletons (D:5)
  3 gnolls
  12 adders
  2 ufetubi (Abyss:2)
  8 oozes (D:2)
  2 adder zombies
  An adder skeleton (D:4)
  2 worms (D:3)
  6 dart slugs
  5 leopard geckos
  32 orcs
  3 ball pythons
  2 giant cockroaches
  A gnoll zombie (Ossuary)
  15 goblins
  12 hobgoblins
  10 jackals (D:1)
  21 kobolds
  6 quokkas
  A ball python skeleton (D:4)
  10 bats
  6 frilled lizards
  4 goblin zombies
  A jackal zombie (D:7)
  A leopard gecko skeleton (D:7)
  2 orc zombies
  10 rats
322 creatures vanquished.

Vanquished Creatures (others)
  9 toadstools (D:2)
9 creatures vanquished.

Grand Total: 331 creatures vanquished

Notes
Turn   | Place    | Note
-------+----------+-------------------------------------------
     0 | D:1      | Darkshadow the Minotaur Berserker began the quest for the Orb.
     0 | D:1      | Reached XP level 1. HP: 19/19 MP: 0/0
   343 | D:1      | Reached XP level 2. HP: 27/27 MP: 1/1
   526 | D:1      | Reached skill level 4 in Maces & Flails
   566 | D:1      | Reached XP level 3. HP: 24/33 MP: 2/2
   662 | D:1      | Reached ** piety under Trog
  1059 | D:2      | Reached XP level 4. HP: 7/41 MP: 3/3
  1071 | D:2      | HP: 2/41 [poisoned by a worker ant]
  1076 | D:2      | HP: 1/41 [poisoned by a worker ant]
  1499 | D:2      | Found a blossoming altar of Fedhas.
  1551 | D:2      | Found an ancient bone altar of Kikubaaqudgha.
  1672 | D:2      | Reached skill level 5 in Maces & Flails
  1672 | D:2      | Reached XP level 5. HP: 41/47 MP: 4/4
  1825 | D:2      | Reached *** piety under Trog
  1872 | D:2      | Reached skill level 5 in Fighting
  2194 | D:3      | Reached XP level 6. HP: 52/56 MP: 5/5
  2258 | D:3      | Found a bloodstained altar of Trog.
  2310 | D:3      | Reached skill level 6 in Maces & Flails
  2608 | D:3      | Found a glowing golden altar of the Shining One.
  2683 | D:3      | Reached **** piety under Trog
  3350 | D:4      | Found an iron altar of Okawaru.
  3379 | D:4      | Reached skill level 7 in Maces & Flails
  3379 | D:4      | Reached skill level 5 in Armour
  3379 | D:4      | Reached XP level 7. HP: 59/62 MP: 6/6
  3643 | D:5      | Entered Level 5 of the Dungeon
  3768 | D:5      | Found a glowing drain.
  3781 | Sewer    | Entered a sewer
  4262 | D:5      | Found a hazy altar of Hepliaklqana.
  4288 | D:5      | Found a radiant altar of Vehumet.
  4376 | D:5      | Found an opulent altar of Gozag.
  4487 | D:5      | Found a glowing silver altar of Zin.
  4572 | D:5      | Reached skill level 8 in Maces & Flails
  4759 | D:6      | Found Baclaz Nee's Armour Boutique.
  4799 | D:6      | Noticed Edmund
  4811 | D:6      | Killed Edmund
  4825 | D:6      | Found a burning altar of Makhleb.
  4923 | D:6      | Noticed Grinder
  4924 | D:6      | Paralysed by Grinder for 3 turns
  4931 | D:6      | Reached XP level 8. HP: 71/71 MP: 7/7
  4938 | D:6      | Killed Grinder
  4963 | D:6      | Found a staircase to the Ecumenical Temple.
  5037 | D:6      | Found a runed gate.
  5038 | D:6      | Found a runed gate.
  5039 | D:6      | Found a runed gate.
  5041 | D:6      | Noticed Violenta's ghost (novice DEAE)
  5160 | D:6      | Found a runed door.
  5284 | D:7      | Reached skill level 9 in Maces & Flails
  5413 | D:7      | Noticed a hornet
  5418 | D:7      | Killed a hornet
  5451 | D:7      | Found a snail-covered altar of Cheibriados.
  5772 | D:7      | Reached skill level 10 in Maces & Flails
  5833 | D:7      | Reached XP level 9. HP: 59/81 MP: 8/8
  6435 | D:7      | Noticed Dowan
  6435 | D:7      | Noticed Duvessa
  6522 | D:7      | Killed Dowan
  6522 | D:7      | Reached ***** piety under Trog
  6680 | D:7      | Killed Duvessa
  6680 | D:7      | Reached skill level 11 in Maces & Flails
  7541 | D:8      | Found a white marble altar of Elyvilon.
  7710 | D:8      | Noticed a two-headed ogre
  7725 | D:8      | Killed a two-headed ogre
  7725 | D:8      | Reached skill level 12 in Maces & Flails
  7783 | D:8      | Found a sand-covered staircase.
  7792 | Ossuary  | Entered an ossuary
  7844 | Ossuary  | Reached XP level 10. HP: 90/90 MP: 9/9
  8236 | D:8      | Noticed Grum
  8256 | D:8      | Killed Grum
  8666 | D:8      | Found a staircase to the Lair.
  8999 | D:8      | Found a sparkling altar of Nemelex Xobeh.
  9172 | D:9      | Noticed a two-headed ogre
  9182 | D:9      | Killed a two-headed ogre
  9182 | D:9      | Reached skill level 10 in Fighting
  9182 | D:9      | Reached skill level 13 in Maces & Flails
  9571 | D:9      | Found a shadowy altar of Dithmenos.
  9571 | D:9      | Found a basalt altar of Yredelemnul.
  9916 | D:9      | Found a huge runed gate.
  9916 | D:9      | Found a huge runed gate.
  9917 | D:9      | Found a huge runed gate.
  9918 | D:9      | Found a huge runed gate.
 10010 | D:9      | Reached skill level 10 in Armour
 10478 | D:10     | Entered Level 10 of the Dungeon
 10580 | D:10     | Killed an unseen horror
 10923 | D:10     | Found an ornate altar of the Wu Jian Council.
 11104 | D:10     | Reached skill level 14 in Maces & Flails
 11106 | D:10     | Killed an unseen horror
 11106 | D:10     | Reached XP level 11. HP: 100/100 MP: 10/10
 11108 | D:10     | Found a staircase to the Orcish Mines.
 11881 | D:10     | Noticed Pikel
 11887 | D:10     | Killed Pikel
 12626 | D:11     | Noticed a three-headed hydra
 12630 | D:11     | Killed a three-headed hydra
 12700 | D:11     | Received a gift from Trog
 12731 | D:11     | Reached skill level 15 in Maces & Flails
 13167 | D:12     | Noticed Sonja
 13172 | D:12     | Cast into level 2 of the Abyss (Sonja)
 13391 | Abyss:2  | Noticed a starcursed mass
 13415 | Abyss:2  | Paralysed by accursed screaming for 1 turns
 13418 | Abyss:2  | Noticed a thrashing horror
 13419 | Abyss:2  | Noticed a starcursed mass
 13517 | Abyss:2  | Noticed a wretched star
 13530 | Abyss:2  | Killed a wretched star
 13572 | Abyss:2  | Noticed a thrashing horror
 13573 | Abyss:2  | Noticed a thrashing horror
 13575 | Abyss:2  | Noticed a Hell Sentinel
 13580 | Abyss:2  | HP: 2/103 [thrashing horror (5)]
 13584 | Abyss:2  | Slain by a Hell Sentinel

Vault maps used:
D:1:      dpeg_arrival_water_temple_mockup, minmay_split_cup_small
D:2:      cheibrodos_fertilizer, lemuel_crystal_altar, fedhas_altar_3,
          first_ration
D:3:      nicolae_overflow_crystal_walls, tso_altar, serial_glass,
          glass_columns_b, glass_columns_a
D:4:      lemuel_round_altar
D:5:      marbit_many_paths, kennysheep_mini_moat, grunt_gozag_breadcrumbs,
          cheibrodos_sewer_entry_drain, basic_altar, kennysheep_generic_room_7
D:6:      lemuel_doored_altar, minmay_temple_entry_glassed_door,
          ebering_ghost_rock_garden, serial_shops, shop, uniq_grinder,
          uniq_crazy_yiuf_cottage, uniq_edmund
D:7:      slow_altar_1, uniq_duvessa
D:8:      lemuel_crystal_altar, lair_entry_dummy, nicolae_ossuary_entry_giza,
          basic_altar, uniq_grum, uniq_pikel
D:9:      lemuel_bear_cage, amethyst_overflow_temple_binary
D:10:     david_orc_3, basic_altar
D:11:     hangedman_ranch
D:12:     portal_ice_cave_entry_pillars_1, lemuel_mausoleum_altar_kikubaaqudgha,
          uniq_sonja, uniq_urug
Sewer:    sewer_big_baddie
Ossuary:  ossuary_crypta

Skill      XL: |  1  2  3  4  5  6  7  8  9 10 11 |
---------------+----------------------------------+-----
Fighting       | 4 5 6 7 9 10 11 | 11.8
Maces & Flails | 4 5 7 8 10 12 14 15 | 15.5
Armour         | 3 4 5 7 8 10 11 | 11.5
Dodging        | |  2.9

Action                   |  1- 3 |  4- 6 |  7- 9 | 10-12 || total
-------------------------+-------+-------+-------+-------++-------
Melee: Mace              |    81 |   153 |    68 |       ||   302
       Headbutt          |     8 |    24 |    62 |   102 ||   196
       Flail             |       |       |   212 |   229 ||   441
       Whip              |       |       |       |   210 ||   210
       Dire flail        |       |       |       |    26 ||    26
Throw: Stone             |    24 |     3 |     1 |       ||    28
       Tomahawk          |       |       |     3 |       ||     3
Invok: Berserk           |       |     4 |     4 |     5 ||    13
       Trog's Hand       |       |       |     3 |     2 ||     5
  Use: Scroll            |       |       |     6 |    17 ||    23
       Potion            |       |       |       |     1 ||     1
 Stab: Sleeping          |     1 |       |       |       ||     1
  Eat: Ration            |       |     3 |     1 |     2 ||     6
       Chunk             |       |     2 |    15 |    18 ||    35
Armor: Animal skin       |     6 |       |       |       ||     6
       Scale mail        |     7 |    56 |    17 |       ||    80
       Plate armour      |       |       |   138 |   266 ||   404
Dodge: Dodged            |    52 |    80 |   106 |   203 ||   441
       Deflected         |       |       |       |     8 ||     8

Table legend:
 A = Spawn XP
 B = Non-spawn XP
 C = Spawn XP percentage of total XP
 D = Spawn monster count
 E = Non-spawn monster count
 F = Spawn count percentage of total count
 G = Total turns spent on level
                    A         B        C        D         E        F      G
               +---------+---------+-------+---------+---------+-------+---------
         Total |    1075 |   18500 |   5.5 |       6 |     312 |   1.9 | 13584
               +---------+---------+-------+---------+---------+-------+---------
           D:1 |       0 |      68 |   0.0 |       0 |      35 |   0.0 |   988
           D:2 |       0 |     297 |   0.0 |       0 |      43 |   0.0 |  1114
           D:3 |       0 |     234 |   0.0 |       0 |      27 |   0.0 |   962
           D:4 |       0 |     262 |   0.0 |       0 |      18 |   0.0 |   647
           D:5 |       0 |     246 |   0.0 |       0 |      12 |   0.0 |   800
           D:6 |       0 |     505 |   0.0 |       0 |       4 |   0.0 |   490
           D:7 |       0 |    2602 |   0.0 |       0 |      45 |   0.0 |  2847
           D:8 |       0 |    2760 |   0.0 |       0 |      29 |   0.0 |   765
           D:9 |       0 |    1754 |   0.0 |       0 |      14 |   0.0 |  1316
          D:10 |       0 |    3615 |   0.0 |       0 |      23 |   0.0 |  1469
          D:11 |       0 |    4061 |   0.0 |       0 |      39 |   0.0 |  1143
          D:12 |       0 |     556 |   0.0 |       0 |       2 |   0.0 |    82
       Abyss:2 |    1075 |    1235 |  46.5 |       6 |       4 |  60.0 |   412
         Sewer |       0 |     112 |   0.0 |       0 |       6 |   0.0 |   271
       Ossuary |       0 |     193 |   0.0 |       0 |      11 |   0.0 |   278
               +---------+---------+-------+---------+---------+-------+---------
